[Event "ICC tourney 2481 (75 10)"]
[Site "Internet Chess Club"]
[Date "2021.03.28"]
[Round "4"]
[White "LIANG, ETHAN Y:ELCCEthan488"]
[Black "MUTHUKUMAR, AADITH:dabpacman"]
[Result "0-1"]
[ICCResult "White checkmated"]
[WhiteElo "1783"]
[BlackElo "1441"]
[Opening "Trompowsky attack (Ruth, Opocenský opening)"]
[ECO "A45"]
[NIC "QP.07"]
[Time "12:04:04"]
[PlyCount "120"]
[TimeControl "4500+10"]

1. d4 Nf6 2. Bg5 c5 3. d5 d6 4. c4 b5 5. cxb5 a6 6. bxa6 Nbd7 7. Nc3 Bxa6
8. e4 Bxf1 9. Kxf1 Qb6 10. Qe2 g6 11. g3 Bg7 12. f3 O-O 13. a4 Qb4 14. h4
Rfb8 15. Rh2 Nb6 16. Qc2 Nc4 17. Ra2 Nd7 18. Re2 f6 19. Bd2 Nxd2+ 20. Qxd2
Ne5 21. Qc2 Nc4 22. Nh3 Bh6 23. Nf4 Bxf4 24. gxf4 Ra5 25. Kg1 Rba8 26. b3
Nb6 27. Rb2 c4 28. bxc4 Qc5+ 29. Kg2 Nxc4 30. Qd3 Nxb2 31. Rxb2 Rc8 32. Rc2
Qa3 33. Qd2 Rac5 34. Qf2 Rxc3 35. Ra2 Qb3 36. Kg3 Rxf3+ 37. Qxf3 Rc3 38.
Rf2 Rxf3+ 39. Rxf3 Qxa4 40. Re3 Qd4 41. Kf3 Qd1+ 42. Kg3 h5 43. Ra3 Qg4+
44. Kh2 Qxh4+ 45. Kg2 Qxf4 46. Ra8+ Kf7 47. Rd8 Qxe4+ 48. Kh3 Qxd5 49. Kh4
Qe4+ 50. Kh3 Qg4+ 51. Kh2 Ke6 52. Kh1 Kf5 53. Kh2 Kf4 54. Rb8 h4 55. Kh1
Qe2 56. Kg1 h3 57. Rb4+ Kg5 58. Rb2 Qxb2 59. Kf1 h2 60. Ke1 h1=Q# { White
checkmated } 0-1

[Event "ICC tourney 2481 (75 10)"]
[Site "Internet Chess Club"]
[Date "2021.03.28"]
[Round "4"]
[White "NAIR, ADVAIT SHANKAR:sujashankar"]
[Black "Kashyap, Manish B:mnm2"]
[Result "1/2-1/2"]
[ICCResult "Game drawn by mutual agreement"]
[WhiteElo "1750"]
[BlackElo "1547"]
[Opening "Sicilian"]
[ECO "B50"]
[NIC "SI.01"]
[Time "12:04:35"]
[PlyCount "82"]
[TimeControl "4500+10"]

1. e4 c5 2. Nf3 d6 3. c3 Nf6 4. h3 Nc6 5. Bd3 e6 6. Bc2 Be7 7. O-O O-O 8.
d4 cxd4 9. cxd4 Nb4 10. Nc3 Nxc2 11. Qxc2 b6 12. Bf4 Bb7 13. Rad1 Rc8 14.
Qe2 Re8 15. Rfe1 Nd7 16. e5 Bxf3 17. Qxf3 d5 18. Qg3 Kh8 19. Qg4 f5 20.
exf6 Nxf6 21. Qxe6 Ba3 22. Qf5 Rf8 23. Qb1 Bb4 24. Bg5 Bxc3 25. bxc3 Rxc3
26. Qb4 Rc4 27. Qb5 h6 28. Bxf6 Qxf6 29. Qxd5 Qxf2+ 30. Kh1 Rcc8 31. Qe4
Rf4 32. Qb7 Rc2 33. Re8+ Rf8 34. Rxf8+ Qxf8 35. Qxa7 Qe8 36. Qxb6 Rxa2 37.
d5 Qe2 38. Qg1 Rd2 39. Rxd2 Qxd2 40. Qc5 Qe1+ 41. Kh2 Qe5+ { Game drawn by
mutual agreement } 1/2-1/2

[Event "ICC tourney 2481 (75 10)"]
[Site "Internet Chess Club"]
[Date "2021.03.28"]
[Round "4"]
[White "THATIPARTHI, VINEETHREDDY:Vinny773175"]
[Black "YANG, MAXWELL Z:tigertiger2019"]
[Result "1-0"]
[ICCResult "Black checkmated"]
[WhiteElo "1763"]
[BlackElo "1650"]
[Opening "Sicilian: Najdorf, Lipnitzky attack"]
[ECO "B86"]
[NIC "SI.13"]
[Time "12:04:23"]
[PlyCount "167"]
[TimeControl "4500+10"]

1. e4 c5 2. Nf3 d6 3. d4 cxd4 4. Nxd4 Nf6 5. Nc3 a6 6. Bc4 e6 7. O-O b5 8.
Bb3 Nbd7 9. Be3 Nc5 10. f3 Be7 11. Nc6 Qc7 12. Nxe7 Qxe7 13. Qe2 O-O 14.
Rad1 Bb7 15. Rfe1 Rfd8 16. Qf2 Rac8 17. Rd2 b4 18. Na4 Nfxe4 19. fxe4 Nxe4
20. Qe2 Nxd2 21. Bxd2 d5 22. Qg4 a5 23. Bg5 f6 24. Rxe6 Qf7 25. Bf4 Ra8 26.
Re1 Re8 27. Rxe8+ Rxe8 28. h3 Bc8 29. Qf3 Be6 30. Nc5 Qa7 31. Be3 Bf7 32.
Bf2 Qe7 33. Bxd5 Bxd5 34. Qxd5+ Kh8 35. Nd3 Qc7 36. Ne1 g6 37. Qd4 Kg7 38.
c3 Qb7 39. c4 Re7 40. b3 Qc7 41. Nd3 Rd7 42. Qe3 Re7 43. Qf3 Rd7 44. Nf4
Qd6 45. Nd5 Qe5 46. Qd3 Kf7 47. Bd4 Qe1+ 48. Kh2 Qe6 49. Qf3 f5 50. Qf4 Rd6
51. Bb2 Rd7 52. Qd4 Qd6+ 53. Kg1 Qe6 54. Qg7+ Ke8 55. Qh8+ Kf7 56. Qxh7+
Ke8 57. Qh8+ Kf7 58. Qg7+ Ke8 59. Nf6+ Kd8 60. Qxd7+ Qxd7 61. Nxd7 Kxd7 62.
Kf2 Kd6 63. Ke3 g5 64. g4 f4+ 65. Ke4 Ke6 66. Bc1 Kd6 67. Bxf4+ gxf4 68.
Kxf4 Kc5 69. g5 a4 70. g6 axb3 71. axb3 Kd4 72. g7 Kc3 73. g8=Q Kxb3 74.
c5+ Ka3 75. c6 b3 76. c7 b2 77. c8=Q b1=Q 78. Qa8+ Kb2 79. Qgb8+ Kc2 80.
Qc6+ Kd2 81. Qxb1 Ke2 82. Qbc2+ Kf1 83. Q6g2+ Ke1 84. Qgf2# { Black
checkmated } 1-0

[Event "ICC tourney 2481 (75 10)"]
[Site "Internet Chess Club"]
[Date "2021.03.28"]
[Round "4"]
[White "WELLS, KENNETH S:Shoshonte"]
[Black "Xiao, Michael:michaelxiao"]
[Result "0-1"]
[ICCResult "White forfeits on time"]
[WhiteElo "1626"]
[BlackElo "1332"]
[Opening "French: Rubinstein variation"]
[ECO "C10"]
[NIC "FR.07"]
[Time "12:04:14"]
[PlyCount "118"]
[TimeControl "4500+10"]

1. e4 e6 2. d4 d5 3. Nc3 dxe4 4. Nxe4 Be7 5. Nf3 Nf6 6. Bd3 Nbd7 7. c3 b6
8. O-O Bb7 9. Qe2 O-O 10. Neg5 h6 11. Nxf7 Rxf7 12. Qxe6 Bd5 13. Qf5 Nf8
14. Ne5 Be6 15. Qf3 Bd5 16. Qg3 Nh5 17. Qg4 Nf6 18. Qe2 Bd6 19. Nxf7 Bxf7
20. Bd2 Bh5 21. f3 Qd7 22. Bc4+ Kh8 23. Rae1 Re8 24. Qd1 Rxe1 25. Rxe1 Qf5
26. Qe2 Bg6 27. Bb3 Qh5 28. g3 N8h7 29. Kg2 Ng5 30. Bxg5 Qxg5 31. Bc2 Nh5
32. Qe8+ Kh7 33. Bxg6+ Qxg6 34. Qxg6+ Kxg6 35. d5 Nf6 36. c4 Nd7 37. g4 Ne5
38. Re4 Nd3 39. h4 Nxb2 40. f4 Nd3 41. f5+ Kf7 42. g5 Ne5 43. Kf1 hxg5 44.
hxg5 Nf3 45. Ke2 Nxg5 46. Rh4 Kf6 47. a4 Kxf5 48. a5 g6 49. axb6 axb6 50.
Ke3 Nf7 51. Rh1 g5 52. Rf1+ Bf4+ 53. Kd4 Ne5 54. c5 bxc5+ 55. Kxc5 g4 56.
d6 cxd6+ 57. Kxd6 Nf3+ 58. Kd5 g3 59. Ra1 g2 { White forfeits on time } 0-1

[Event "ICC tourney 2481 (75 10)"]
[Site "Internet Chess Club"]
[Date "2021.03.28"]
[Round "4"]
[White "KUMAR, SRIRAM K:sirking2800"]
[Black "MOERLIEN, PUWIT SKY:SuperBlueSky"]
[Result "1/2-1/2"]
[ICCResult "Game drawn by mutual agreement"]
[WhiteElo "1884"]
[BlackElo "1631"]
[Opening "Ruy Lopez: Exchange variation doubly deferred (DERLD)"]
[ECO "C85"]
[NIC "RL.14"]
[Time "12:04:09"]
[PlyCount "160"]
[TimeControl "4500+10"]

1. e4 e5 2. Nf3 Nc6 3. Bb5 a6 4. Ba4 Nf6 5. O-O Be7 6. Bxc6 dxc6 7. d3 Bg4
8. h3 Bxf3 9. Qxf3 O-O 10. Nd2 Re8 11. Nc4 Nd7 12. Ne3 Bg5 13. Qg4 Bxe3 14.
Bxe3 Re6 15. Bg5 Nf6 16. Qg3 Qd6 17. Kh1 h6 18. Be3 Nh5 19. Qg4 Nf4 20.
Bxf4 exf4 21. Rad1 Qe5 22. c3 Rd8 23. Rfe1 c5 24. g3 fxg3 25. f4 g2+ 26.
Kxg2 Qf6 27. Kh1 Rb6 28. Re2 h5 29. Qf3 Qh6 30. f5 g6 31. Rg1 Rbd6 32. Re3
Kh7 33. fxg6+ fxg6 34. e5 R6d7 35. e6 Re7 36. Rf1 Rde8 37. h4 c6 38. Qg3
Qg7 39. Ref3 Kh8 40. Qg5 Rxe6 41. Rf7 Re5 42. Qd2 Qxf7 43. Rxf7 Re1+ 44.
Rf1 Rxf1+ 45. Kg2 Rf6 46. d4 cxd4 47. Qxd4 Rf8 48. Kg3 Kh7 49. Qb4 R8f7 50.
Qb3 Rf3+ 51. Kg2 Rf2+ 52. Kg1 R2f4 53. Qb6 Rg4+ 54. Kh2 Rxh4+ 55. Kg3 Rg4+
56. Kh2 h4 57. Qe3 Rgf4 58. Qb6 g5 59. Qd8 Kh6 60. Qh8+ Kg6 61. Qg8+ Kh5
62. Qc8 Rf2+ 63. Kg1 h3 64. Qxh3+ Kg6 65. Qe6+ R7f6 66. Qe8+ Kg7 67. Qe7+
Rf7 68. Qxg5+ Kf8 69. Qd8+ Kg7 70. Qd4+ Kf8 71. Qxf2 Rxf2 72. Kxf2 Ke7 73.
Ke3 a5 74. a4 b6 75. c4 c5 76. b3 Kf7 77. Kf3 Ke7 78. Ke3 Kf7 79. Kf4 Kf6
80. Ke4 Ke6 { Game drawn by mutual agreement } 1/2-1/2

[Event "ICC tourney 2481 (75 10)"]
[Site "Internet Chess Club"]
[Date "2021.03.28"]
[Round "4"]
[White "SATTARU, SRITEJ SAI:FL2009"]
[Black "PARVATHANENI, NIKHIL:Nikhilp"]
[Result "1/2-1/2"]
[ICCResult "Game drawn by repetition"]
[WhiteElo "1820"]
[BlackElo "1793"]
[Opening "Two knights defense (Modern bishop's opening)"]
[ECO "C55"]
[NIC "IG.01"]
[Time "12:04:55"]
[PlyCount "128"]
[TimeControl "4500+10"]

1. e4 e5 2. Nf3 Nc6 3. Bc4 Nf6 4. d3 Be7 5. O-O O-O 6. c3 d6 7. Bb3 Na5 8.
Bc2 c5 9. Nbd2 Nc6 10. Re1 Re8 11. Nf1 h6 12. Ng3 Bf8 13. h3 Be6 14. a3 a5
15. Ba4 Rb8 16. Bb5 Qc7 17. d4 cxd4 18. cxd4 exd4 19. Nxd4 Nxd4 20. Qxd4
Bd7 21. Bxd7 Nxd7 22. Nf5 Qc5 23. Be3 Qxd4 24. Bxd4 g6 25. Ng3 Bg7 26. Bxg7
Kxg7 27. Rad1 Re6 28. Rd5 b5 29. Red1 Rb6 30. f3 Nf6 31. R5d2 b4 32. Ne2
bxa3 33. bxa3 Ne8 34. Rd5 Re5 35. Rxe5 dxe5 36. Rd5 Rb2 37. Kf1 Ra2 38.
Rxa5 Nd6 39. Rxe5 Rxa3 40. Rc5 Ra7 41. h4 Re7 42. Nf4 Nb7 43. Rd5 Re8 44.
Kf2 Nd8 45. Nd3 Ne6 46. Rd7 Kf8 47. g3 Re7 48. Rd5 f6 49. Ne1 Kf7 50. Ng2
Ra7 51. Rd2 g5 52. h5 Ng7 53. g4 Ke7 54. Ne3 Rd7 55. Nd5+ Kf7 56. Ke3 Ne6
57. Rc2 Rb7 58. Rc3 Ra7 59. Nb4 Rb7 60. Nd3 Rd7 61. Rc8 Rb7 62. Rc3 Rd7 63.
Rc6 Nd4 64. Rc3 Ne6 { Game drawn by repetition } 1/2-1/2

[Event "ICC tourney 2481 (75 10)"]
[Site "Internet Chess Club"]
[Date "2021.03.28"]
[Round "4"]
[White "STEINER, ADAMSON:poohfur"]
[Black "CHAMPSI, IMRAN:imranchamp"]
[Result "1/2-1/2"]
[ICCResult "Game drawn by mutual agreement"]
[WhiteElo "1692"]
[BlackElo "1813"]
[Opening "Sicilian: Pelikan (Lasker/Sveshnikov) variation"]
[ECO "B33"]
[NIC "SI.36"]
[Time "12:04:07"]
[PlyCount "79"]
[TimeControl "4500+10"]

1. e4 c5 2. Nf3 Nc6 3. d4 cxd4 4. Nxd4 Nf6 5. Nc3 e5 6. Ndb5 d6 7. Bg5 a6
8. Bxf6 gxf6 9. Na3 b5 10. Nd5 Bg7 11. c3 Ne7 12. Nc2 O-O 13. Nce3 Nxd5 14.
Nxd5 f5 15. exf5 Bxf5 16. a4 bxa4 17. Rxa4 a5 18. Qf3 Bg6 19. h4 h5 20. g4
e4 21. Qg2 Qd7 22. Rc4 Qb7 23. gxh5 Qxb2 24. Be2 Qb1+ 25. Bd1 Qd3 26. Rc7
Rac8 27. Ne7+ Kh8 28. Rh3 Qxh3 29. Qxh3 Rxc7 30. hxg6 Rxe7 31. h5 e3 32.
fxe3 Bh6 33. Qh4 Rxe3+ 34. Kf2 fxg6+ 35. Kg2 Re6 36. Bf3 Ref6 37. Be4 gxh5
38. Qxh5 Rg8+ 39. Kh3 Rgf8 40. c4 { Game drawn by mutual agreement }
1/2-1/2

[Event "ICC tourney 2481 (75 10)"]
[Site "Internet Chess Club"]
[Date "2021.03.28"]
[Round "4"]
[White "WEN, KALLY:kwen2008"]
[Black "CAREY, MICHAEL P:xyzchessdude"]
[Result "1/2-1/2"]
[ICCResult "Game drawn by repetition"]
[WhiteElo "1708"]
[BlackElo "1953"]
[Opening "Old Benoni defense"]
[ECO "A43"]
[NIC "OI.08"]
[Time "12:04:07"]
[PlyCount "141"]
[TimeControl "4500+10"]

1. d4 c5 2. d5 Nf6 3. Nc3 g6 4. e4 d6 5. Nf3 Bg7 6. Be2 Bg4 7. O-O O-O 8.
h3 Bxf3 9. Bxf3 Na6 10. Be2 Nd7 11. Bxa6 bxa6 12. Ne2 Rb8 13. c3 Qc7 14.
Qc2 Rb7 15. Rb1 Rfb8 16. c4 a5 17. b3 a4 18. Bd2 axb3 19. axb3 a6 20. Bc3
Bxc3 21. Nxc3 Rb4 22. Rb2 Qb7 23. Rfb1 Ne5 24. Nd1 Nd7 25. Nc3 Nf6 26. Na2
Rb6 27. Nc3 Qd7 28. Qe2 Nh5 29. Qd2 Ng7 30. Na4 R6b7 31. Qa5 Rb4 32. e5 Nf5
33. Qxa6 Nd4 34. exd6 exd6 35. Nc3 Qd8 36. Qa2 Ra8 37. Na4 Nxb3 38. Rxb3
Rbxa4 39. Qc2 Qf6 40. Rb8+ Kg7 41. Rxa8 Rxa8 42. Kh2 Qe5+ 43. g3 Ra3 44.
Rb3 Rxb3 45. Qxb3 Qd4 46. Kg2 h5 47. Qb6 Qxc4 48. Qxd6 Qe4+ 49. Kf1 c4 50.
Qc5 Qd3+ 51. Kg2 c3 52. d6 c2 53. d7 Qxd7 54. Qxc2 Qd5+ 55. Kg1 Qe6 56. Kg2
Qd5+ 57. Kg1 Qf3 58. Qb2+ Kh7 59. Qd2 h4 60. Qg5 hxg3 61. fxg3 Qd1+ 62. Kg2
Qe2+ 63. Kg1 Qe1+ 64. Kg2 Qe2+ 65. Kg1 Qf3 66. Qh4+ Kg7 67. Qd4+ Kg8 68.
Qd8+ Kg7 69. Qd4+ Kh7 70. Qh4+ Kg7 71. Qd4+ { Game drawn by repetition }
1/2-1/2

[Event "ICC tourney 2481 (75 10)"]
[Site "Internet Chess Club"]
[Date "2021.03.28"]
[Round "4"]
[White "WU, JAYDEN:SparkyNinja"]
[Black "WANG, JESSICA:crazyhorse9"]
[Result "1-0"]
[ICCResult "Black resigns"]
[WhiteElo "1679"]
[BlackElo "1503"]
[Opening "Evans gambit declined, Showalter variation"]
[ECO "C51"]
[NIC "IG.05"]
[Time "12:04:06"]
[PlyCount "81"]
[TimeControl "4500+10"]

1. e4 e5 2. Nf3 Nc6 3. Bc4 Bc5 4. b4 Bb6 5. a4 a6 6. Nc3 Nf6 7. d3 h6 8.
Rb1 d6 9. h3 O-O 10. O-O Ne7 11. Be3 Ba7 12. Bxa7 Rxa7 13. Re1 Ng6 14. b5
axb5 15. axb5 c6 16. bxc6 bxc6 17. Bb3 Bd7 18. Ra1 Rxa1 19. Qxa1 Nf4 20.
Ne2 N6h5 21. Nxf4 Nxf4 22. d4 Qf6 23. dxe5 Qg6 24. g3 Nxh3+ 25. Kg2 Bg4 26.
Nh4 Qh5 27. f3 Bc8 28. exd6 Ng5 29. Qe5 Kh7 30. Qf4 Ne6 31. Qf5+ Qxf5 32.
Nxf5 g6 33. Ne7 Bb7 34. Bxe6 fxe6 35. Rb1 Ba8 36. Ra1 c5 37. Ra7 Kg7 38.
Nc8+ Kh8 39. Rxa8 Kh7 40. d7 Kg7 41. Nb6 { Black resigns } 1-0

[Event "ICC tourney 2481 (75 10)"]
[Site "Internet Chess Club"]
[Date "2021.03.28"]
[Round "4"]
[White "MIYASAKA, JULIA KAITLYN:evilking"]
[Black "WANG, CHLOE HEATHER:kittycat35"]
[Result "1-0"]
[ICCResult "Black forfeits on time"]
[WhiteElo "1774"]
[BlackElo "1725"]
[Opening "Giuoco Piano"]
[ECO "C50"]
[NIC "IG.02"]
[Time "12:04:05"]
[PlyCount "133"]
[TimeControl "4500+10"]

1. e4 e5 2. Nf3 Nc6 3. Bc4 Bc5 4. O-O Nf6 5. d3 d6 6. c3 O-O 7. Nbd2 h6 8.
b4 Bb6 9. a4 a6 10. Ba2 Ba7 11. Re1 Re8 12. Nf1 Bg4 13. h3 Be6 14. Ng3 Nh7
15. Be3 Ng5 16. Nxg5 hxg5 17. Qh5 Bxe3 18. fxe3 Qf6 19. Rf1 Qh6 20. Qf3 Rf8
21. Nf5 Bxf5 22. Qxf5 Nd8 23. Qd7 c6 24. Rf3 Qg6 25. Raf1 b5 26. a5 Kh8 27.
Bxf7 Nxf7 28. Rxf7 Rxf7 29. Qxf7 Qxf7 30. Rxf7 c5 31. Rd7 cxb4 32. cxb4 Kg8
33. Rxd6 Kf7 34. d4 Rc8 35. Rxa6 Rc1+ 36. Kf2 Rb1 37. d5 Rxb4 38. Rb6 Rb2+
39. Kf3 b4 40. a6 Ra2 41. Rb7+ Kg6 42. a7 Kf6 43. d6 b3 44. d7 Ke7 45. Rxb3
Kxd7 46. Rb7+ Ke6 47. Rxg7 Kf6 48. Rb7 Ra4 49. Rb6+ Kg7 50. Rb7+ Kf6 51. g3
Ra3 52. Rb6+ Kg7 53. Re6 Rxa7 54. Rxe5 Kf6 55. Rf5+ Kg6 56. Kg4 Ra4 57.
Rxg5+ Kf6 58. Rf5+ Kg6 59. Kf4 Rb4 60. h4 Ra4 61. g4 Rb4 62. h5+ Kh6 63.
Rf6+ Kg7 64. g5 Rb5 65. e5 Rb4+ 66. e4 Rb1 67. Kf5 { Black forfeits on time
} 1-0

[Event "ICC tourney 2481 (75 10)"]
[Site "Internet Chess Club"]
[Date "2021.03.28"]
[Round "5"]
[White "HEBBAR, ESHAAN:solveur"]
[Black "RAMASWAMY, PUDUR:clair"]
[Result "0-1"]
[ICCResult "White resigns"]
[WhiteElo "1611"]
[BlackElo "1745"]
[Opening "Benko's opening"]
[ECO "A00"]
[NIC "VO.09"]
[Time "15:31:35"]
[PlyCount "53"]
[TimeControl "4500+10"]

1. g3 Nf6 2. Bg2 d5 3. d4 Bf5 4. c4 e6 5. Nc3 h6 6. Bf4 c6 7. Nf3 Qb6 8.
Qc1 dxc4 9. O-O Nbd7 10. Re1 Nd5 11. e4 Nxf4 12. gxf4 Bg4 13. d5 Bc5 14.
Qc2 Bxf3 15. Bxf3 O-O 16. Bg4 Qc7 17. dxe6 Qxf4 18. Qe2 Ne5 19. h3 Nxg4 20.
hxg4 fxe6 21. Nd1 Rad8 22. Kg2 Rd2 23. Qf1 Qxg4+ 24. Kh1 Qh4+ 25. Kg1 Rf4
26. Qg2 Rg4 27. Ne3 { White resigns } 0-1

[Event "ICC tourney 2481 (75 10)"]
[Site "Internet Chess Club"]
[Date "2021.03.28"]
[Round "5"]
[White "Xiao, Michael:michaelxiao"]
[Black "RAJU, YAKSHWAG REDDY:Yakshwag"]
[Result "0-1"]
[ICCResult "White resigns"]
[WhiteElo "1332"]
[BlackElo "1441"]
[Opening "Sicilian: Alapin's variation (2.c3)"]
[ECO "B22"]
[NIC "SI.46"]
[Time "15:31:56"]
[PlyCount "86"]
[TimeControl "4500+10"]

1. e4 c5 2. c3 d5 3. exd5 Qxd5 4. d4 Nc6 5. Nf3 Nf6 6. Be3 Bg4 7. Be2 e6 8.
h3 Bh5 9. a4 Be7 10. O-O O-O 11. dxc5 Rac8 12. b4 Rfd8 13. Nbd2 Ne4 14.
Nxe4 Qxe4 15. Qb3 Bf6 16. Rfd1 Ne5 17. Rxd8+ Rxd8 18. Nd4 Bxe2 19. Nxe2 Nc4
20. Ng3 Qd3 21. Bd4 Bxd4 22. Rd1 Qxd1+ 23. Qxd1 Bxf2+ 24. Kxf2 Rxd1 25. b5
Rd2+ 26. Ne2 f5 27. Kf3 Rd3+ 28. Kf2 e5 29. c6 bxc6 30. bxc6 Nb6 31. c7 Rd7
32. a5 Nc8 33. a6 Rxc7 34. c4 Rxc4 35. g4 fxg4 36. hxg4 Rxg4 37. Ng1 Rxg1
38. Kxg1 Kf7 39. Kf2 Ke6 40. Ke3 h5 41. Ke4 Nd6+ 42. Kd3 g5 43. Ke2 Kd5 {
White resigns } 0-1

[Event "ICC tourney 2481 (75 10)"]
[Site "Internet Chess Club"]
[Date "2021.03.28"]
[Round "5"]
[White "VATS, ATIKSH:avats"]
[Black "AYYAPPAN, SANTHOSH:SanthoshA"]
[Result "1/2-1/2"]
[ICCResult "Game drawn by mutual agreement"]
[WhiteElo "1577"]
[BlackElo "1661"]
[Opening "Giuoco Pianissimo"]
[ECO "C50"]
[NIC "IG.02"]
[Time "15:31:01"]
[PlyCount "63"]
[TimeControl "4500+10"]

1. e4 e5 2. Nf3 Nc6 3. Bc4 Bc5 4. d3 Nf6 5. O-O O-O 6. Nc3 d6 7. h3 Be6 8.
Bb3 Nd4 9. Nxd4 Bxd4 10. Be3 Bb6 11. Qd2 d5 12. exd5 Nxd5 13. Nxd5 Bxd5 14.
Bxd5 Qxd5 15. f4 exf4 16. Rxf4 Rfe8 17. Bxb6 axb6 18. a3 Qe5 19. Raf1 f6
20. Kh1 Qxb2 21. Rc4 Qe5 22. Qc3 c6 23. Qb3 Qd5 24. Qxb6 Re2 25. Rg1 Qf7
26. a4 Qd7 27. Qb3 Kh8 28. Rb4 Re3 29. Rb1 Qe7 30. Rxb7 Re1+ 31. Rxe1 Qxe1+
32. Kh2 { Game drawn by mutual agreement } 1/2-1/2

[Event "ICC tourney 2481 (75 10)"]
[Site "Internet Chess Club"]
[Date "2021.03.28"]
[Round "5"]
[White "CHANDRANI, SHLOK JAYESH:jack2212"]
[Black "WU, JAYDEN:SparkyNinja"]
[Result "1/2-1/2"]
[ICCResult "Game drawn by mutual agreement"]
[WhiteElo "1739"]
[BlackElo "1679"]
[Opening "QGD: exchange, positional line"]
[ECO "D35"]
[NIC "QO.16"]
[Time "15:31:14"]
[PlyCount "56"]
[TimeControl "4500+10"]

1. d4 Nf6 2. c4 e6 3. Nc3 d5 4. cxd5 exd5 5. Bg5 Be7 6. e3 Bf5 7. Bxf6 Bxf6
8. Qb3 O-O 9. Qxd5 Qc8 10. Nf3 Rd8 11. Qb3 Nc6 12. Be2 a5 13. O-O Re8 14.
Bb5 Re7 15. Nd5 Re6 16. Rac1 Be4 17. Nd2 Bxd5 18. Qxd5 Rd6 19. Qf3 Ne7 20.
Ne4 Rb6 21. Bd3 Ng6 22. Nxf6+ Rxf6 23. Qg3 c6 24. Bxg6 Rxg6 25. Qf3 Qd7 26.
Rfd1 Rd8 27. d5 Rd6 28. e4 h6 { Game drawn by mutual agreement } 1/2-1/2

[Event "ICC tourney 2481 (75 10)"]
[Site "Internet Chess Club"]
[Date "2021.03.28"]
[Round "5"]
[White "STEINER, ADAMSON:poohfur"]
[Black "LI, DAVID TONGJIA:UltimateDL"]
[Result "0-1"]
[ICCResult "White resigns"]
[WhiteElo "1692"]
[BlackElo "1767"]
[Opening "Sicilian: accelerated fianchetto, modern variation"]
[ECO "B34"]
[NIC "SI.33"]
[Time "15:31:26"]
[PlyCount "64"]
[TimeControl "4500+10"]

1. e4 c5 2. Nf3 Nc6 3. d4 cxd4 4. Nxd4 g6 5. Nc3 Bg7 6. Be3 Nf6 7. f3 O-O
8. Bc4 Qb6 9. Rb1 Nxe4 10. fxe4 Bxd4 11. Nd5 Qc5 12. Qd3 Bxe3 13. Nxe3 d6
14. Nd5 Ne5 15. Nxe7+ Kg7 16. Qc3 Qxc4 17. Qxc4 Nxc4 18. Nd5 Be6 19. Nc3
Rac8 20. Rf1 Ne3 21. Rf2 Ng4 22. Rd2 Nxh2 23. Rxd6 Rfd8 24. Rbd1 Rxd6 25.
Rxd6 Ng4 26. Kd2 Rc7 27. Nb5 Rd7 28. Kc3 a6 29. Rxd7 Bxd7 30. Nd6 b5 31.
Kb4 Ne3 32. c3 Nxg2 { White resigns } 0-1

[Event "ICC tourney 2481 (75 10)"]
[Site "Internet Chess Club"]
[Date "2021.03.28"]
[Round "5"]
[White "YAN, NATHAN:Natey"]
[Black "YU, DYLAN:noodlesjr"]
[Result "1-0"]
[ICCResult "Black checkmated"]
[WhiteElo "1868"]
[BlackElo "1709"]
[Opening "Caro-Kann: classical, 6.h4"]
[ECO "B19"]
[NIC "CK.11"]
[Time "15:31:00"]
[PlyCount "71"]
[TimeControl "4500+10"]

1. e4 c6 2. d4 d5 3. Nc3 dxe4 4. Nxe4 Bf5 5. Ng3 Bg6 6. h4 h6 7. Nf3 Nf6 8.
h5 Bh7 9. Bd3 Bxd3 10. Qxd3 e6 11. Bd2 Nbd7 12. O-O-O Qc7 13. Ne4 O-O-O 14.
g3 Nxe4 15. Qxe4 Nf6 16. Qe2 Nd5 17. c4 Nb4 18. a3 Na6 19. Bf4 Bd6 20. Bxd6
Rxd6 21. Kb1 Rhd8 22. Rd2 c5 23. Rhd1 Qb6 24. d5 Nc7 25. Ne5 Rf8 26. Qg4 f6
27. dxe6 Rxe6 28. Nd7 Qc6 29. Nxf8 b6 30. Nxe6 Nxe6 31. Rd6 Qa4 32. Qxe6+
Kb7 33. Rd7+ Ka6 34. Qe7 Qxc4 35. Rxa7+ Kb5 36. Qd7# { Black checkmated }
1-0

[Event "ICC tourney 2481 (75 10)"]
[Site "Internet Chess Club"]
[Date "2021.03.28"]
[Round "5"]
[White "YUAN, SERENA:doudou2011"]
[Black "Santiago Gonzalez, Frida:fridanavys1"]
[Result "1-0"]
[ICCResult "Black resigns"]
[WhiteElo "1487"]
[BlackElo "1850"]
[Opening "King's Indian: fianchetto, Larsen system"]
[ECO "A49"]
[NIC "KI.75"]
[Time "15:31:13"]
[PlyCount "65"]
[TimeControl "4500+10"]

1. d4 Nf6 2. Nf3 g6 3. g3 Bg7 4. Bg2 O-O 5. O-O c6 6. c4 d6 7. Nc3 Bf5 8.
Bf4 h6 9. Re1 g5 10. Bd2 Ne4 11. Nxe4 Bxe4 12. Bc3 Nd7 13. Rc1 a5 14. Qb3
Qc7 15. d5 Bxc3 16. Rxc3 Nc5 17. Qd1 cxd5 18. cxd5 b5 19. Qd4 Bg6 20. a3
Qb7 21. Nd2 a4 22. e4 e5 23. dxe6 Nxe6 24. Qf6 Rac8 25. Rxc8 Rxc8 26. Bh3
Rc2 27. Bxe6 Kh7 28. Bd5 Qa7 29. Nf1 Qa5 30. Bxf7 Bxf7 31. Qxf7+ Kh8 32.
Rd1 b4 33. Rxd6 { Black resigns } 1-0

[Event "ICC tourney 2481 (75 10)"]
[Site "Internet Chess Club"]
[Date "2021.03.28"]
[Round "5"]
[White "CHAMPSI, IMRAN:imranchamp"]
[Black "Patel, Arav:APBrain"]
[Result "1/2-1/2"]
[ICCResult "Game drawn by mutual agreement"]
[WhiteElo "1813"]
[BlackElo "1669"]
[Opening "Petrov: modern (Steinitz) attack"]
[ECO "C43"]
[NIC "RG.01"]
[Time "15:31:04"]
[PlyCount "50"]
[TimeControl "4500+10"]

1. e4 e5 2. Nf3 Nf6 3. d4 exd4 4. e5 Nd5 5. Qxd4 Nb6 6. Qd1 Be7 7. Bd3 d6
8. exd6 Qxd6 9. a3 Bg4 10. O-O O-O 11. h3 Bh5 12. Nc3 Nc6 13. Ne4 Qd8 14.
Ng3 Bg6 15. Bxg6 fxg6 16. Qe2 Bf6 17. Ne4 Re8 18. Nxf6+ gxf6 19. Qd2 Qxd2
20. Bxd2 Rad8 21. Rfe1 Kf7 22. Bf4 Rd7 23. Kf1 g5 24. Bg3 Rxe1+ 25. Kxe1
Na4 { Game drawn by mutual agreement } 1/2-1/2

[Event "ICC tourney 2481 (75 10)"]
[Site "Internet Chess Club"]
[Date "2021.03.28"]
[Round "5"]
[White "Lu, Samuel:chess-soccer"]
[Black "WAKIDA, KEN:Yamato1945"]
[Result "1-0"]
[ICCResult "Black resigns"]
[WhiteElo "1615"]
[BlackElo "1475"]
[Opening "Queen's pawn, Mason variation, Steinitz counter-gambit"]
[ECO "D00"]
[NIC "QP.08"]
[Time "15:31:00"]
[PlyCount "97"]
[TimeControl "4500+10"]

1. d4 d5 2. Bf4 c5 3. e3 Nc6 4. c3 Nf6 5. Bd3 Bg4 6. Nf3 e6 7. Nbd2 cxd4 8.
exd4 Bd6 9. Bg3 O-O 10. Qc2 Rc8 11. a3 Bh5 12. Rc1 Bg6 13. Bxg6 hxg6 14.
Bxd6 Qxd6 15. O-O a6 16. Rfe1 b5 17. Nb3 Ne4 18. Nfd2 Nf6 19. Nc5 a5 20.
Nf3 a4 21. h3 Nd7 22. Nxd7 Qxd7 23. Ne5 Qd6 24. Nd3 Nxd4 25. Qd1 Nb3 26.
Rc2 Rc7 27. Ne5 Rfc8 28. Qd3 Qb6 29. Rce2 Nc5 30. Qd4 Qd6 31. Qb4 Rb7 32.
Nd3 Ne4 33. Rxe4 Qxb4 34. Rxb4 Rc4 35. f3 Rxb4 36. Nxb4 Rc7 37. Rd1 Rc4 38.
Rd4 Rxd4 39. cxd4 Kf8 40. Kf2 Ke7 41. Nc6+ Kd6 42. Na7 e5 43. dxe5+ Kxe5
44. Nxb5 d4 45. Ke2 Kd5 46. Kd3 f5 47. Nxd4 g5 48. Nxf5 g6 49. Ne7+ { Black
resigns } 1-0

[Event "ICC tourney 2481 (75 10)"]
[Site "Internet Chess Club"]
[Date "2021.03.28"]
[Round "5"]
[White "WANG, JESSICA:crazyhorse9"]
[Black "WELLS, KENNETH S:Shoshonte"]
[Result "1-0"]
[ICCResult "Black resigns"]
[WhiteElo "1503"]
[BlackElo "1626"]
[Opening "Giuoco Piano: Anderssen variation"]
[ECO "C54"]
[NIC "IG.02"]
[Time "15:31:26"]
[PlyCount "55"]
[TimeControl "4500+10"]

1. e4 e5 2. Nf3 Nc6 3. Bc4 Bc5 4. c3 Nf6 5. d4 exd4 6. e5 d5 7. Bb5 Ne4 8.
cxd4 Bb4+ 9. Bd2 Nxd2 10. Bxc6+ bxc6 11. Nbxd2 c5 12. O-O O-O 13. Qc2 cxd4
14. Nxd4 Qg5 15. f4 Qe7 16. N2b3 c5 17. Nc6 Qb7 18. Nxb4 cxb4 19. Kh1 g6
20. Nd4 Bd7 21. f5 Rac8 22. Qd2 gxf5 23. Qg5+ Kh8 24. Qf6+ Kg8 25. Nxf5
Bxf5 26. Rxf5 h6 27. Rf3 Kh7 28. Rh3 { Black resigns } 1-0